 Dungeon Crawl Stone Soup version 0.27.0-1-g7a089689b8 (webtiles) character file.

Game seed: 15523574324027952871

246 BOMJPIETVODKU the Digger (level 6, -1/41 (44) HPs)
             Began as a Gnoll Earth Elementalist on Aug 3, 2021.
             Slain by a kobold (2 damage)
             ... on level 3 of the Dungeon.
             The game lasted 00:08:42 (2942 turns).

BOMJPIETVODKU the Digger (Gnoll Earth Elementalist) Turns: 2942, Time: 00:08:43

HP:   -1/41 (44)    AC:  2    Str:  7    XL:     6   Next: 11%
MP:   12/13         EV: 13    Int: 16    God:
Gold: 98            SH:  0    Dex: 13    Spells: 9/15 levels left

rFire    . . .     SeeInvis .   p - +5 dagger (elec)
rCold    . . .     Faith    .   (no shield)
rNeg     . . .     Spirit   .   b - +0 robe
rPois    +         Reflect  .   (no helmet)
rElec    .         Harm     .   (no cloak)
rCorr    .         Rampage  .   (no gloves)
Will     +....                  (no boots)
Stlth    +++.......             (no amulet)
HPRegen  0.13/turn              j - ring of willpower
MPRegen  0.13/turn              g - ring of poison resistance

@: mighty, drained
A: fangs 1, strong nose, distributed training
a: no special abilities


You were on level 3 of the Dungeon.
You visited 1 branch of the dungeon, and saw 3 of its levels.

You collected 98 gold pieces.

Inventory:

Hand Weapons
 k - a +2 short sword of draining
 p - a +5 dagger of electrocution (weapon)
Missiles
 c - 139 stones
Armour
 b - a +0 robe (worn)
Jewellery
 g - a ring of poison resistance (right hand)
 j - a ring of willpower (left hand)
Wands
 o - a wand of polymorph (5)
Scrolls
 a - a scroll of immolation
 d - a scroll of enchant weapon
 l - a scroll of teleportation
Potions
 h - a potion of brilliance {unknown}
 m - a potion of heal wounds {unknown}
 n - a potion of mutation {unknown}


   Skills:
 + Level 1.8 Fighting
 + Level 1.8 Short Blades
 + Level 1.8 Long Blades
 + Level 1.8 Axes
 + Level 1.8 Maces & Flails
 + Level 1.8 Polearms
 + Level 1.8 Staves
 + Level 1.8 Slings
 + Level 1.8 Bows
 + Level 1.8 Crossbows
 + Level 1.8 Throwing
 + Level 1.8 Armour
 + Level 4.9 Dodging
 + Level 4.5 Stealth
 + Level 1.8 Shields
 + Level 1.8 Unarmed Combat
 + Level 5.3 Spellcasting
 + Level 1.4 Conjurations
 + Level 1.4 Hexes
 + Level 1.4 Summonings
 + Level 1.4 Necromancy
 + Level 1.4 Translocations
 + Level 2.5 Transmutations
 + Level 1.4 Fire Magic
 + Level 1.4 Ice Magic
 + Level 1.4 Air Magic
 + Level 5.6 Earth Magic
 + Level 1.4 Poison Magic
 + Level 2.0 Invocations
 + Level 1.8 Evocations


You had 9 spell levels left.
You knew the following spells:

 Your Spells              Type           Power      Damage    Failure   Level
a - Sandblast             Erth           44%        2d11      1%          1
b - Passwall              Tmut/Erth      14%        N/A       4%          2
c - Stone Arrow           Conj/Erth      30%        3d8       11%         3

Your spell library contained the following spells:

 Spells                   Type           Power      Damage    Failure   Level
 Magic Dart               Conj           32%        1d4       9%          1
 Searing Ray              Conj           16%        3d3       13%         2
 Petrify                  Tmut/Erth      17%        N/A       26%         4
 Ice Form                 Ice/Tmut       10%        N/A       54%         4
 Fulminant Prism          Conj/Hex       4%         3d6       63%         4
 Hailstorm                Conj/Ice       8%         3d4       63%         4
 Simulacrum               Ice/Necr       4%         N/A       100%        6


Dungeon Overview and Level Annotations

Branches:
Dungeon (3/15)

Altars:


Innate Abilities, Weirdness & Mutations

You have very sharp teeth.
Your uncanny sense of smell can sniff out nearby items.
Your experience applies equally to all skills.


Message History

The silver boomerang completely misses you.
The adder enters a dispersal trap!
The shadow imp blinks!
The goblin blinks!
The orc blinks! x3; The frilled lizard blinks!
The shadow imp blinks!
The orc blinks!
The goblin blinks! x3; You blink.
The adder blinks!
The orc hits you but does no damage.
The kobold throws a stone.
The stone hits you but does no damage.
The adder hisses angrily.
Really walk into that dispersal trap?
Okay, then.
The adder barely misses you. The orc closely misses you.
The goblin enters a dispersal trap!
The orc blinks! x2; The adder blinks!
The frilled lizard blinks!
The orc blinks!
The shadow imp blinks!
The orc blinks! x2; The frilled lizard blinks!
The orc blinks! x3
The goblin blinks!
You blink.
The goblin blinks!
The orc hits you with a +0 hand axe!
* * * LOW HITPOINT WARNING * * *
It was a potion of curing.
You feel better. The orc barely misses you. The shadow imp hits you.
The adder barely misses you. The necrophage hits you.
You feel drained.
It was a potion of might.
You feel very mighty all of a sudden. The adder completely misses you.
The orc hits you with a +0 hand axe.
The shadow imp lashes its tail.
The shadow imp closely misses you. The necrophage misses you.
The kobold hits you with a +0 dagger.
You are too injured to fight recklessly!
You are too injured to fight recklessly!
Aiming: Sandblast (safe; 1% risk of failure)
Press: ? - help, Q - select action, (/) - cycle Shift-Dir - straight line, f - orc
Aim: an orc, wielding a +0 hand axe and wearing a +0 ring mail (83% to hit)
The blast of sand hits the orc!
You kill the orc!
The adder completely misses you. The orc hits you with a +0 club.
* * * LOW HITPOINT WARNING * * *
The shadow imp barely misses you. The necrophage hits you!
* * * LOW HITPOINT WARNING * * *
You feel drained.
* * * LOW HITPOINT WARNING * * *
The adder bites you but does no damage. The kobold hits you with a +0 dagger.
You die...

###..# #...# .....###
#<..###### .. .......#
#......... ... ....##.#
#...##### .... ....##.#
###.^.#######....
....##.####................
####
.......ยง...................
....
....###.......g.5n.)...####
.....###.....Kgl@So>...# ##
.....###........oK.....# ##.
......###........o.....#
##..
#####..##..............#
##..# ##.##.............##
###..## #.###........(..##
###...## #.#
###.############...### #.##
#...)### ##....### # #..#
####<))###..#### ####


You could see a necrophage, an adder, a shadow imp, 3 orcs, 2 goblins, 2 kobolds
and a frilled lizard.

Vanquished Creatures
  A gnoll shaman (D:3)
  Ijyb (D:3)
  An orc wizard (D:3)
  Natasha (thrice) (D:2)
  2 adders
  4 worms (D:2)
  A dart slug (D:1)
  7 orcs (D:3)
  2 ball pythons
  4 bats
  6 endoplasms
  A giant cockroach (D:2)
  10 goblins
  3 hobgoblins
  5 jackals
  A quokka (D:2)
  2 frilled lizards
  A kobold (D:2)
  A rat (D:2)
56 creatures vanquished.

Notes
Turn   | Place    | Note
-------+----------+-------------------------------------------
     0 | D:1      | BOMJPIETVODKU the Gnoll Earth Elementalist began the quest
                  | for the Orb.
     0 | D:1      | Reached XP level 1. HP: 13/13 MP: 6/6
   169 | D:1      | Reached XP level 2. HP: 18/19 MP: 5/7
   463 | D:1      | Found a faded altar of an unknown god.
   917 | D:2      | Reached XP level 3. HP: 25/25 MP: 7/9
   963 | D:2      | Reached skill level 5 in Spellcasting
  1109 | D:2      | Reached skill level 1 in Invocations
  1441 | D:2      | Noticed Natasha
  1446 | D:2      | Killed Natasha
  1447 | D:2      | Reached skill level 1 in Fighting
  1447 | D:2      | Reached skill level 1 in Short Blades
  1447 | D:2      | Reached skill level 1 in Long Blades
  1447 | D:2      | Reached skill level 1 in Axes
  1447 | D:2      | Reached skill level 1 in Maces & Flails
  1447 | D:2      | Reached skill level 1 in Polearms
  1447 | D:2      | Reached skill level 1 in Staves
  1447 | D:2      | Reached skill level 1 in Slings
  1447 | D:2      | Reached skill level 1 in Bows
  1447 | D:2      | Reached skill level 1 in Crossbows
  1447 | D:2      | Reached skill level 1 in Throwing
  1447 | D:2      | Reached skill level 1 in Armour
  1447 | D:2      | Reached skill level 1 in Shields
  1447 | D:2      | Reached skill level 1 in Unarmed Combat
  1447 | D:2      | Reached skill level 1 in Evocations
  1447 | D:2      | Reached XP level 4. HP: 24/32 MP: 8/11
  1796 | D:2      | Noticed Natasha
  1802 | D:2      | Killed Natasha
  1803 | D:2      | Reached skill level 1 in Conjurations
  1803 | D:2      | Reached skill level 1 in Hexes
  1803 | D:2      | Reached skill level 1 in Summonings
  1803 | D:2      | Reached skill level 1 in Necromancy
  1803 | D:2      | Reached skill level 1 in Translocations
  1803 | D:2      | Reached skill level 1 in Fire Magic
  1803 | D:2      | Reached skill level 1 in Ice Magic
  1803 | D:2      | Reached skill level 1 in Air Magic
  1803 | D:2      | Reached skill level 1 in Poison Magic
  2088 | D:2      | Noticed Natasha
  2091 | D:2      | Killed Natasha
  2092 | D:2      | Reached XP level 5. HP: 37/37 MP: 9/12
  2620 | D:3      | Noticed Ijyb
  2633 | D:3      | Killed Ijyb
  2634 | D:3      | Reached XP level 6. HP: 26/44 MP: 1/13
  2762 | D:3      | Learned a level 2 spell: Passwall
  2766 | D:3      | Learned a level 3 spell: Stone Arrow
  2917 | D:3      | Noticed a necrophage
  2942 | D:3      | HP: 1/41 [necrophage (3)]
  2942 | D:3      | Slain by a kobold

Illustrated notes

Levels and vault maps discovered:
D:1:      minmay_arrival_four_houses, layout_loops_ring,
          dreamdust_ecumenical_altar_hidden_monk_grotto
D:2:      layout_basic, hangedman_decor_growths, uniq_natasha
D:3:      kennysheep_goblin_castle, layout_rooms, st_stairs_7, uniq_ijyb

Skill      XL: |  1  2  3  4  5 |
---------------+----------------+-----
Transmutations | 2 |  2.5
Spellcasting   | 5 |  5.3
Invocations    | 1 2 |  2.0
Fighting       | 1 |  1.8
Short Blades   | 1 |  1.8
Long Blades    | 1 |  1.8
Axes           | 1 |  1.8
Maces & Flails | 1 |  1.8
Polearms       | 1 |  1.8
Staves         | 1 |  1.8
Slings         | 1 |  1.8
Bows           | 1 |  1.8
Crossbows      | 1 |  1.8
Throwing       | 1 |  1.8
Armour         | 1 |  1.8
Shields        | 1 |  1.8
Unarmed Combat | 1 |  1.8
Evocations     | 1 |  1.8
Conjurations   | 1 |  1.4
Hexes          | 1 |  1.4
Summonings     | 1 |  1.4
Necromancy     | 1 |  1.4
Translocations | 1 |  1.4
Fire Magic     | 1 |  1.4
Ice Magic      | 1 |  1.4
Air Magic      | 1 |  1.4
Poison Magic   | 1 |  1.4
Dodging        | |  4.9
Stealth        | |  4.5
Earth Magic    | |  5.6

Action                   |  1- 3 |  4- 6 || total
-------------------------+-------+-------++-------
Melee: War axe           |     2 |       ||     2
       Dagger            |       |     8 ||     8
 Cast: Sandblast         |    37 |    57 ||    94
  Use: Scroll            |       |     4 ||     4
       Potion            |       |     2 ||     2
Armor: Robe              |       |     9 ||     9
Dodge: Dodged            |     7 |    37 ||    44
